 Dungeon Crawl Stone Soup version bcrawl-1.13.1-9-ga81ed0b431 (webtiles) character file.

Game seed: 8663884701851132746

1059 FishyPogo the Conjurer (level 8, 0/62 HPs)
             Began as a Naga Fire Elementalist on Aug 7, 2019.
             Was an Initiate of Vehumet.
             Slain by a hippogriff (4 damage)
             ... on level 4 of the Dungeon.
             The game lasted 00:27:59 (4418 turns).

FishyPogo the Conjurer (Naga Fire Elementalist)     Turns: 4418, Time: 00:28:00

Health: 0/62       AC: 11    Str: 10    XL:     8   Next: 27%
Magic:  4/12       EV: 10    Int: 17    God:    Vehumet [......]
Gold:   261        SH:  0    Dex: 13    Spells: 3/13 levels left

rFire    . . .     SeeInvis +   a - +3 dagger (protect)
rCold    . . .     Gourm    .   (no shield)
rNeg     . . .     Faith    .   e - +0 robe
rPois    +         Spirit   .   (no helmet)
rElec    .         Reflect  .   (no cloak)
rCorr    .         Harm     .   k - +0 pair of gloves
MR       +....                  (no barding)
Stlth    ++........             (no amulet)
HPRegen  0.20/turn              (no ring)
MPRegen  0.13/turn              (no ring)

@: protection aura, very slightly contaminated, starving, very slow
A: large, see invisible, deformed body, poison resistance, slowness 2, slow
metabolism 1, spit poison 1, AC +2
a: Spit Poison, Renounce Religion


You were on level 4 of the Dungeon.
You worshipped Vehumet.
Vehumet was noncommittal.
You were starving.

You visited 2 branches of the dungeon, and saw 5 of its levels.
You also visited: Sewer.

You collected 261 gold pieces.

Inventory:

Hand Weapons
 a - a +3 dagger of protection (weapon)
 n - a +0 blowgun
Missiles
 f - 1000 stones (quivered)
 r - 144 poisoned needles
Armour
 e - a +0 robe (worn)
 k - a +0 pair of gloves (worn)
Wands
 j - a wand of disintegration (15)
 u - a wand of random effects (5)
Scrolls
 b - a scroll of fear {unknown}
 l - 2 scrolls of remove curse
 o - 5 scrolls of identify
 v - a scroll of fog {unknown}
 x - 2 scrolls of amnesia {unknown}
Potions
 d - 3 potions of heal wounds {unknown}
 g - 2 potions of degeneration {unknown}
 h - a potion of flight {unknown}
 i - a potion of berserk rage {unknown}
 m - 3 potions of agility
 p - 8 potions of curing
 q - a potion of lignification {unknown}
 s - 2 potions of might {unknown}
 t - a potion of brilliance {unknown}
Comestibles
 c - 10 rations {!d}


   Skills:
 - Level 2.0 Dodging
 - Level 3.2 Stealth
 + Level 3.2 Spellcasting
 + Level 7.0 Conjurations
 * Level 6.1 Fire Magic


You had 3 spell levels left.
You knew the following spells:

 Your Spells              Type           Power        Failure   Level  Hunger
a - Flame Tongue          Conj/Fire      ####.        1%          1    None
b - Sticky Flame          Conj/Fire      ####....     12%         4    ####...
c - Fireball              Conj/Fire      ####......   32%         5    ######.

Your spell library contained the following spells:

 Spells                   Type           Power        Failure   Level  Hunger
 Conjure Flame            Conj/Fire      ####....     3%          3    ###....
 Inner Flame              Hex/Fire       N/A          14%         3    ###....


Dungeon Overview and Level Annotations

Branches:
Dungeon (4/12)             Temple (1/1) D:4

Altars:
Ashenzari
Dithmenos
Fedhas
Gozag
Hepliaklqana
Kikubaaqudgha
Makhleb
Nemelex Xobeh
Okawaru
Qazlal
Ru
Sif Muna
Trog
Uskayaw
Vehumet
Wu Jian
Xom
Yredelemnul
Zin
The Shining One


Innate Abilities, Weirdness & Mutations

You cannot wear boots.
Your serpentine skin is tough. (AC +2)
You have supernaturally acute eyesight. (SInv)
Armour fits poorly on your strangely shaped body.
Your system is resistant to poisons. (rPois)
You cover ground very slowly.
You have a slow metabolism.
You can spit poison.


Message History

The hippogriff is almost dead.
The hippogriff bites you.
* * * LOW HITPOINT WARNING * * *
The hippogriff pecks you but does no damage.
The hippogriff claws you but does no damage.
You hit the hippogriff but do no damage.
The hippogriff is almost dead.
The hippogriff bites you but does no damage.
The hippogriff pecks you but does no damage.
The hippogriff claws you but does no damage.
You hit the hippogriff but do no damage.
The hippogriff is almost dead.
The hippogriff bites you.
* * * LOW HITPOINT WARNING * * *
The hippogriff pecks you but does no damage.
The hippogriff barely misses you.
You hit the hippogriff but do no damage.
The hippogriff is almost dead.
The hippogriff closely misses you. x2; The hippogriff claws you.
You die...

##### ####### #...#
#...... #._.# #.#####
###...### ##.##
#.......##
###########...##
.........##
#..............#
...≈≈≈....#
#@#########....#
..≈≈≈≈≈...##...H.#
##.#)#
.≈≈...≈≈...#######
#..#.# .≈≈.>.≈≈...#
#.##.# .≈≈..)≈≈...#
#.##.###
..≈≈≈≈≈...##############
#.##.#..
...≈≈≈.)..#......[.....#
#.......
.........#########.###.#
####.#.#
#.......##########.# #.#
#....#


You could see a hippogriff.

Vanquished Creatures
  A hippogriff (D:4)
  An ogre (D:4)
  2 big kobolds (Sewer)
  2 howler monkeys (D:4)
  2 crimson imps (D:4)
  2 hounds (D:4)
  A jelly (D:4)
  2 orc wizards (D:4)
  Robin (D:3)
  8 gnolls (D:2)
  9 adders
  6 river rats (Sewer)
  4 oozes
  An adder skeleton (D:4)
  4 worms
  3 dart slugs
  4 leopard geckos
  4 orcs (D:4)
  7 ball pythons
  4 bats
  3 giant cockroaches (D:3)
  6 hobgoblins
  8 jackals
  6 frilled lizards
  15 goblins
  21 kobolds
  A leopard gecko skeleton (D:4)
  A quokka skeleton (D:4)
  22 rats
151 creatures vanquished.

Notes
Turn   | Place    | Note
-------+----------+-------------------------------------------
     0 | D:1      | FishyPogo the Naga Fire Elementalist began the quest for
                  | the Orb.
     0 | D:1      | Reached XP level 1. HP: 15/15 MP: 3/3
   113 | D:1      | Reached XP level 2. HP: 22/22 MP: 5/5
   739 | D:1      | Reached XP level 3. HP: 28/28 MP: 6/6
   898 | D:1      | Reached skill level 2 in Conjurations
  1040 | D:2      | Reached XP level 4. HP: 27/36 MP: 2/7
  1234 | D:2      | Reached skill level 3 in Conjurations
  1235 | D:2      | Reached XP level 5. HP: 38/42 MP: 4/9
  1595 | D:3      | Learned a level 4 spell: Sticky Flame
  1639 | D:3      | Found a glowing drain.
  1652 | Sewer    | Entered a sewer
  1885 | Sewer    | Reached XP level 6. HP: 43/49 MP: 5/10
  1887 | Sewer    | Reached skill level 4 in Conjurations
  2385 | Sewer    | Reached skill level 5 in Conjurations
  2638 | D:3      | Reached XP level 7. HP: 54/55 MP: 8/11
  2798 | D:3      | Noticed Robin
  2806 | D:3      | Killed Robin
  3423 | D:4      | Reached skill level 5 in Fire Magic
  3490 | D:4      | Noticed a hippogriff
  3501 | D:4      | Killed a hippogriff
  3501 | D:4      | Reached skill level 6 in Conjurations
  3613 | D:4      | Found a staircase to the Ecumenical Temple.
  3652 | D:4      | Reached XP level 8. HP: 62/62 MP: 10/12
  3700 | Temple   | Entered the Ecumenical Temple
  3815 | Temple   | Became a worshipper of Vehumet
  4014 | D:4      | Learned a level 5 spell: Fireball
  4151 | D:4      | Reached skill level 7 in Conjurations
  4156 | D:4      | Found a deep blue altar of Sif Muna.
  4400 | D:4      | Noticed a hippogriff
  4418 | D:4      | Slain by a hippogriff

Skill      XL: |  1  2  3  4  5  6  7  8 |
---------------+-------------------------+-----
Dodging        | 2 |  2.0
Conjurations   | 2 3 5 6 7 |  7.0
Spellcasting   | 3 |  3.2
Fire Magic     | 4 5 6 |  6.1
Stealth        | |  3.2

Action                   |  1- 3 |  4- 6 |  7- 9 || total
-------------------------+-------+-------+-------++-------
Melee: Dagger            |     8 |    63 |    83 ||   154
Throw: Stone             |    19 |    53 |    21 ||    93
 Cast: Flame Tongue      |    20 |    89 |    59 ||   168
       Sticky Flame      |       |     1 |     2 ||     3
 Abil: Spit Poison       |    34 |    57 |    38 ||   129
  Use: Scroll            |       |     6 |     1 ||     7
  Eat: Chunk             |     2 |     8 |     6 ||    16
Armor: Robe              |     4 |    41 |    43 ||    88
Dodge: Dodged            |    17 |    75 |    52 ||   144
